 Dungeon Crawl Stone Soup version 0.27-a0-906-g0a00ce863d (webtiles) character file.

Game seed: 3805198478832770586

5408 wakim the Martial Artist (level 10, -7/58 HPs)
             Began as an Octopode Transmuter on Apr 7, 2021.
             Was an Elder of Hepliaklqana.
             Killed from afar by a wizard (40 damage)
             ... with a fireball
             ... on level 10 of the Dungeon on Apr 8, 2021.
             The game lasted 00:41:37 (14026 turns).

wakim the Martial Artist (Octopode Transmuter)     Turns: 14026, Time: 00:41:37

Health: -7/58      AC:  2    Str: 15    XL:     10   Next: 67%
Magic:  13/14      EV: 43    Int: 19    God:    Hepliaklqana [****..]
Gold:   1061       SH:  0    Dex: 18    Spells: 6/15 levels left

rFire    . . .     SeeInvis .     - Unarmed
rCold    . . .     Faith    .   (shield currently unavailable)
rNeg     + . .     Spirit   .   (helmet currently unavailable)
rPois    x         Reflect  .   f - amulet of the acrobat
rElec    .         Harm     .   c - +6 ring of strength
rCorr    .         Rampage  .   d - ring of positive energy
Will     .....                  l - +4 ring of evasion
Stlth    ++........             h - ring of flight
HPRegen  0.19/turn              (no ring)
MPRegen  0.14/turn              (no ring)
                                (no ring)
                                (no ring)

@: spider-form (expiring), acrobatic, flying
A: venomous fangs, reduced essence, almost no armour, (amphibious), 8 rings,
tiny, (camouflage 1), (gelatinous body 1), (nimble swimmer 1), (tentacles)
a: End Transformation, Renounce Religion, Recall Ancestor, Ancestor Identity,
Transference, Idealise


You were on level 10 of the Dungeon.
You worshipped Hepliaklqana.
Hepliaklqana was greatly pleased with you.
You were a venomous arachnid creature.
You visited 2 branches of the dungeon, and saw 11 of its levels.

You collected 1119 gold pieces.
You spent 58 gold pieces at shops.

Inventory:

Missiles
 j - a throwing net
 k - 5 boomerangs of dispersal
Armour
 a - a +0 kite shield (melded)
Jewellery
 c - a +6 ring of strength (left front leg)
 d - a ring of positive energy (right front leg)
 f - an amulet of the acrobat (around neck)
 h - a ring of flight (on tentacle)
 l - a +4 ring of evasion (on tentacle)
Wands
 u - a wand of mindburst (23)
 v - a wand of flame (19)
 x - a wand of charming (30)
 z - a wand of polymorph (9)
Scrolls
 T - a scroll of teleportation
 Y - a scroll of blinking
Potions
 e - a potion of attraction {unknown}
 E - 3 potions of cancellation
 J - a potion of heal wounds
 K - 2 potions of magic
 O - 4 potions of resistance


   Skills:
 + Level 4.5 Fighting
 + Level 6.7 Dodging
 - Level 3.0 Stealth
 * Level 2.8 Shields
 + Level 9.3 Unarmed Combat
 - Level 3.0 Spellcasting
 * Level 7.1 Transmutations
 - Level 4.0 Poison Magic
 - Level 5.1 Invocations


You had 6 spell levels left.
You knew the following spells:

 Your Spells              Type           Power      Damage    Failure   Level
a - Beastly Appendage     Tmut           60%        N/A       4%          1
b - Hydra Form            Tmut           15%        N/A       43%         5
x - Spider Form           Tmut/Pois      12%        N/A       14%         3

Your spell library contained the following spells:

 Spells                   Type           Power      Damage    Failure   Level
 Wereblood                Tmut           30%        N/A       6%          2
 Animate Skeleton         Necr           4%         N/A       34%         1
 Apportation              Tloc           4%         N/A       34%         1
 Corona                   Hex            2%         N/A       34%         1
 Summon Small Mammal      Summ           8%         N/A       34%         1
 Ice Form                 Ice/Tmut       16%        N/A       56%         4


Dungeon Overview and Level Annotations

Branches:
Dungeon (10/15)            Temple (1/1) D:6            Lair (0/6) D:9
    Orc: D:9-12

Altars:
Ashenzari
Cheibriados
Dithmenos
Elyvilon
Fedhas
Gozag
Hepliaklqana
Kikubaaqudgha
Makhleb
Nemelex Xobeh
Okawaru
Qazlal
Ru
Sif Muna
Trog
Uskayaw
Vehumet
Wu Jian
Xom
Yredelemnul
Zin
The Shining One
Lugonu

Shops:
D:9 =[

Portals:
Abyss: D:5

Annotations:
D:6 2 transporters, Xenophilius's ghost, novice GnTm


Innate Abilities, Weirdness & Mutations

You are a venomous arachnid creature.
You have poisonous fangs.
You are tiny and dextrous.
Your spellcasting is less reliable in this form.
Your armour is entirely melded.
You are incapable of wielding weapons or throwing items.
Your life essence is reduced to manifest your ancestor. (-10% HP)
You cannot wear most types of armour.
((You are amphibious.))
You can wear up to eight rings at the same time.
((Your skin changes colour to match your surroundings (Stealth+).))
((Your rubbery body absorbs attacks. (AC +1, EV +1)))
((You are camouflaged near water. (Stealth+)))
((You have tentacles for arms and can constrict up to eight enemies at once.))


Message History

You closely miss the wizard.
The wizard is heavily wounded.
Henutemipet hits the wizard with a +0 dagger of draining.
Henutemipet drains the wizard.
The wizard wildly gestures.
The wizard glows brightly for a moment.
The wizard misses you.
The wizard hits Henutemipet with a +0 dagger.
You bite the wizard!
The wizard is poisoned.
The wizard is almost dead.
Your transformation is almost over.
Henutemipet hits the wizard with a +0 dagger of draining.
Henutemipet drains the wizard.
The wizard dies!
Your Shields skill increases to level 2!
The wizard hits you with a +0 dagger.
The wizard mumbles some strange words.
The wizard blinks!
Henutemipet hits the wizard with a +0 dagger of draining!
Henutemipet drains the wizard.
Things that are here:
a +0 dagger; a +0 robe You bite the wizard!
The wizard is poisoned.
The wizard is severely wounded.
The wizard points at itself and mumbles some strange words.
The wizard flickers and vanishes!
Deactivating autopickup; reactivate with Ctrl-A.
You barely miss something.
Henutemipet hits something with a +0 dagger of draining!
A fireball appears from out of thin air!
The fireball explodes!
The fireball engulfs Henutemipet!
Henutemipet resists.
The fireball engulfs you!
The fireball engulfs something!!!
Reactivating autopickup.
You feel a bit more experienced.
Your Transmutations skill increases to level 7!
The wizard points at you and mumbles some strange words.
The fireball explodes!
The fireball engulfs you!!!
Ouch! That really hurt!
You die...

# ##.## #..... ###+#
#:.....
#+###########...##....ยง..
.......#....'..)s....^<^.
.......'.####..R##....^..
.......### #.>..##.p....
.......# #.....##.....
....)..# #......###.##
.......# #......# #
.......# #......# ####'###
#......# ##.# ########


You could see the friendly Henutemipet the hexer and a wizard.

Vanquished Creatures
  4 yaks (D:9)
  A wraith (D:9)
  Eustachio (D:4)
  A steam dragon (D:8)
  2 orc warriors (D:7)
  An ice beast (D:7)
  A sky beast (D:5)
  A necrophage (D:6)
  An ogre (D:6)
  2 centaurs
  2 bullfrogs
  8 wights
  9 killer bees
  5 howler monkeys
  2 gnoll shamans (D:7)
  A hound (D:5)
  An orc priest (D:4)
  2 centaur skeletons
  3 iguanas
  An orc wizard (D:5)
  A mummy (D:7)
  14 gnolls
  5 adders
  A shadow imp (D:5)
  2 white imps (D:7)
  An ufetubus (D:6)
  An adder skeleton (D:4)
  4 worms
  3 dart slugs
  9 orcs
  9 ball pythons
  7 endoplasms
  2 giant cockroaches
  2 goblins
  5 hobgoblins
  7 jackals
  5 kobolds
  5 quokkas
  5 bats
  3 frilled lizards
  A hobgoblin zombie (D:7)
  2 orc zombies (D:7)
  4 rats
147 creatures vanquished.

Vanquished Creatures (collateral kills)
  A wizard (D:10)
  2 water moccasins
  A black bear (D:8)
  A sky beast (D:7)
  A centaur (D:8)
  A scorpion (D:5)
  A killer bee (D:7)
  5 wights (D:8)
  A howler monkey (D:8)
  A bullfrog zombie (D:6)
  An orc priest (D:7)
  A gnoll shaman (D:5)
  A hound (D:5)
  An iguana (D:7)
  3 orc wizards
  5 gnolls
  2 adders (D:2)
  3 orcs
  A quokka (D:5)
  2 ball pythons
  An orc zombie (D:7)
36 creatures vanquished.

Vanquished Creatures (others)
  A wizard (D:10)
  A bullfrog (D:8)
  6 hexers
  2 lurking horrors (D:5)
10 creatures vanquished.

Grand Total: 193 creatures vanquished

Notes
Turn   | Place    | Note
-------+----------+-------------------------------------------
     0 | D:1      | wakim the Octopode Transmuter began the quest for the Orb.
     0 | D:1      | Reached XP level 1. HP: 13/13 MP: 3/3
   171 | D:1      | Reached skill level 1 in Stealth
   194 | D:1      | Reached XP level 2. HP: 18/18 MP: 3/5
   770 | D:1      | Reached XP level 3. HP: 23/23 MP: 6/6
  1850 | D:2      | Found a faded altar of an unknown god.
  1856 | D:2      | Became a worshipper of Hepliaklqana the Forgotten
  1856 | D:2      | Reached * piety under Hepliaklqana
  2204 | D:2      | Reached XP level 4. HP: 6/25 MP: 7/7
  2509 | D:2      | Reached skill level 4 in Unarmed Combat
  3027 | D:3      | Learned a level 3 spell: Spider Form
  3565 | D:3      | Found a hazy altar of Hepliaklqana.
  3649 | D:3      | Reached ** piety under Hepliaklqana
  3650 | D:3      | Remembered your ancestor Henutemipet as a hexer
  3836 | D:3      | Reached XP level 5. HP: 28/29 MP: 5/8
  4115 | D:3      | Reached skill level 1 in Poison Magic
  4376 | D:4      | Found a hide-covered altar of Uskayaw.
  4378 | D:4      | Noticed Eustachio
  4429 | D:4      | Killed Eustachio
  4430 | D:4      | Reached XP level 6. HP: 23/34 MP: 3/9
  4551 | D:4      | Found a white marble altar of Elyvilon.
  4797 | D:4      | Found a snail-covered altar of Cheibriados.
  4797 | D:4      | Found a bloodstained altar of Trog.
  4861 | D:4      | Reached *** piety under Hepliaklqana
  5460 | D:4      | Found a shimmering blue altar of Sif Muna.
  5530 | D:4      | Found a sparkling altar of Nemelex Xobeh.
  5690 | D:5      | Entered Level 5 of the Dungeon
  6162 | D:5      | Reached skill level 5 in Unarmed Combat
  6162 | D:5      | Reached XP level 7. HP: 38/38 MP: 10/10
  7040 | D:5      | Found a corrupted altar of Lugonu.
  7042 | D:5      | Found a one-way gate to the infinite horrors of the Abyss.
  7611 | D:6      | Reached skill level 5 in Transmutations
  7611 | D:6      | Reached XP level 8. HP: 36/43 MP: 7/11
  7676 | D:6      | Reached skill level 6 in Unarmed Combat
  7700 | D:6      | Found a transporter.
  8085 | D:6      | Noticed Xenophilius's ghost (novice GnTm)
  8087 | D:6      | Noticed a troll
  8093 | D:6      | Found a transporter.
  8285 | D:5      | Reached skill level 7 in Unarmed Combat
  8386 | D:6      | Found a staircase to the Ecumenical Temple.
  8396 | Temple   | Entered the Ecumenical Temple
  8574 | D:6      | Reached **** piety under Hepliaklqana
  8605 | D:6      | Found a sacrificial altar of Ru.
  8605 | D:6      | Found an iron altar of Okawaru.
  8606 | D:6      | Found a burning altar of Makhleb.
  8808 | D:7      | Reached skill level 5 in Dodging
  9017 | D:6      | Learned a level 5 spell: Hydra Form
  9058 | D:7      | Reached skill level 1 in Invocations
  9791 | D:7      | Reached XP level 9. HP: 41/48 MP: 9/13
 10147 | D:7      | Found a basalt altar of Yredelemnul.
 10639 | D:8      | Found a radiant altar of Vehumet.
 10646 | D:8      | Reached skill level 8 in Unarmed Combat
 10777 | D:8      | Found a blossoming altar of Fedhas.
 12415 | D:8      | Reached XP level 10. HP: 39/55 MP: 10/14
 12841 | D:8      | Identified a scroll of acquirement
 12841 | D:8      | Acquired 662 gold pieces
 13110 | D:9      | Found Qobbafaa's Jewellery Boutique.
 13164 | D:9      | Reached skill level 9 in Unarmed Combat
 13265 | D:9      | Reached skill level 5 in Invocations
 13305 | D:9      | Found a staircase to the Lair.
 13548 | D:9      | Found Lemiown's Armour Emporium.
 13551 | D:9      | Bought a +0 kite shield for 58 gold pieces
 13590 | D:9      | Reached skill level 1 in Shields
 13917 | D:10     | Entered Level 10 of the Dungeon
 13922 | D:10     | Noticed a four-headed hydra
 14004 | D:10     | Noticed a wizard
 14008 | D:10     | Noticed a wizard
 14018 | D:10     | Noticed a wizard
 14022 | D:10     | Killed a wizard
 14025 | D:10     | Killed a wizard
 14026 | D:10     | Killed from afar by a wizard

Illustrated notes

Levels and vault maps discovered:
D:1:      sevenhm_arrival_forest_fort_small_3, layout_loops_ring,
          grunt_decor_one_mirror, serial_bayou_pond_a, minmay_misc_feat_rugged
D:2:      minmay_alternating_diamond, layout_loops_ring,
          ebering_ecumenical_altar_webs
D:3:      layout_loops_corners, worldfamousw_hep_ancestral_shrine
D:4:      layout_basic, nicolae_overflow_crystal_walls,
          nemelex_dance_club_becter, lemuel_doored_altar, lemuel_blue_sif_altar,
          gammafunk_temple_overflow_statue, grunt_decor_resistance,
          uniq_eustachio
D:5:      layout_basic, amcnicky_altar_lugonu_corruption
D:6:      layout_rooms, gammafunk_temple_overflow_claw, temple_pool_b,
          gammafunk_ghost_arena, minmay_misc_feat_five
D:7:      layout_loops_ring, marbit_many_paths, serial_rivers,
          chequers_serial_rivers_micro_c, chequers_serial_rivers_room_b,
          chequers_serial_rivers_marsh, chequers_serial_rivers_micro_e,
          minmay_mini_ossuary
D:8:      layout_rooms, vehumet_altar_wand_db, fedhas_bush_and_centaur_altar,
          hangedman_decor_diamond_cutter
D:9:      layout_loops_ring, lair_entry_dummy, serial_shops, kennysheep_mini,
          minmay_statues_item, minmay_shop_enchanted_jewellery
D:10:     layout_roguey, bh_hangedman_babel_library
Temple:   nicolae_temple_figure_zero

Skill      XL: |  1  2  3  4  5  6  7  8  9 10 |
---------------+-------------------------------+-----
Stealth        | 1 2 3 |  3.0
Unarmed Combat | 4 5 7 8 9 |  9.3
Poison Magic   | 2 3 4 |  4.0
Dodging        | 3 4 5 6 |  6.7
Transmutations | 3 5 6 7 |  7.1
Invocations    | 1 4 5 |  5.1
Spellcasting   | 3 |  3.0
Fighting       | 3 4 |  4.5
Shields        | 2 |  2.8

Action                   |  1- 3 |  4- 6 |  7- 9 | 10-12 || total
-------------------------+-------+-------+-------+-------++-------
Melee: Unarmed           |    83 |    99 |   249 |    72 ||   503
       Constrict         |    24 |    17 |    26 |       ||    67
       Tentacles         |    14 |    13 |    20 |     1 ||    48
       Kick              |    19 |    15 |    20 |     6 ||    60
       Punch             |     3 |     2 |     8 |     2 ||    15
 Cast: Beastly Appendage |    25 |    15 |    11 |     1 ||    52
       Spider Form       |       |     5 |    30 |     3 ||    38
       Hydra Form        |       |       |       |     4 ||     4
Invok: Recall Ancestor   |     1 |     1 |     1 |       ||     3
       Ancestor Identity |     1 |       |       |       ||     1
       Ancestor Life: He |       |     1 |       |       ||     1
  Use: Scroll            |     4 |     2 |     7 |     4 ||    17
       Potion            |       |       |     3 |       ||     3
 Stab: Sleeping          |     9 |    13 |     2 |       ||    24
       Distracted        |       |     1 |     4 |       ||     5
       Confused          |       |       |     2 |       ||     2
Armor: Skin              |    10 |     3 |     7 |     8 ||    28
Dodge: Dodged            |    45 |    48 |   255 |    74 ||   422
Block: Kite shield       |       |       |       |     2 ||     2

Table legend: (Time is in decaauts)
 A = Elapsed time spent in this place.
 B = Non-inter-level travel time spent in this place.
 C = Inter-level travel time spent in this place.
 D = Time resting spent in this place.
 E = Time spent auto-exploring this place.
 F = Levels seen in this place.
 G = Mean time per level.
                   A        B        C        D        E       F      G
               +--------+--------+--------+--------+--------+-----+--------+
         Total |  13986 |  13623 |    363 |   2251 |   9505 |  11 | 1271.5 |
       Dungeon |  13862 |  13508 |    354 |   2251 |   9392 |  10 | 1386.2 |
        Temple |    123 |    114 |      9 |      0 |    113 |   1 |  123.0 |
               +--------+--------+--------+--------+--------+-----+--------+

Top non-repeatable levels by time:
     D:5: 2084 daAuts
     D:2: 1917 daAuts
     D:7: 1857 daAuts
     D:4: 1742 daAuts
     D:6: 1604 daAuts
     D:8: 1425 daAuts
     D:3: 1164 daAuts
     D:1: 1096 daAuts
     D:9: 908 daAuts
  Temple: 123 daAuts
    D:10: 63 daAuts
